 Dungeon Sprint DCSS version 0.23-a0-171-g5ae17c6 (webtiles) character file.

14363 Fang the Severer (level 12, -11/135 HPs)
             Began as a Gargoyle Berserker on Sept 11, 2018.
             Was the Champion of Trog.
             Mangled by a deep elf blademaster
             ... wielding a +0 short sword
              (15 damage)
             ... in the Dungeon (Sprint VII: "The Pits") on Sept 12, 2018.
             The game lasted 00:11:13 (3365 turns).

Fang the Severer (Gargoyle Berserker)               Turns: 3365, Time: 00:11:14

Health: -11/135    AC: 11    Str: 30    XL:     12   Next: 15%
Magic:  12/12      EV: 18    Int: 12    God:    Trog [******]
Gold:   30         SH:  0    Dex: 12    Spells: 11/11 levels left

rFire    . . .     SeeInvis .   u - +2 war axe (freeze)
rCold    . . .     Gourm    .   (no shield)
rNeg     + + .     Faith    .   n - +0 robe {rN+}
rPois    ∞         Spirit   .   (no helmet)
rElec    +         Reflect  .   (no cloak)
rCorr    .         Harm     .   (no gloves)
MR       .....     NoTele   +   (no boots)
Stlth    ..........             (no amulet)
HPRegen  0.32/turn              q - +3 ring of intelligence
MPRegen  0.13/turn              s - +3 ring of dexterity

@: berserking, very quick
A: negative energy resistance 1, electricity resistance, unbreathing,
petrification resistance, rot immunity, AC +8
a: Berserk, Trog's Hand, Brothers in Arms, Renounce Religion


You were in the Dungeon.
You worshipped Trog.
Trog was exalted by your worship.
You were not hungry.

You visited 1 branch You collected 30 gold pieces.

Inventory:

Hand Weapons
 b - a +3 antimagic battleaxe
 o - a +9 broad axe of chopping
 u - a +2 war axe of freezing (weapon)
 y - a +5 antimagic executioner's axe
Missiles
 v - 7 steel tomahawks (quivered)
Armour
 n - a +0 robe of positive energy (worn)
Jewellery
 q - a +3 ring of intelligence (left hand)
 s - a +3 ring of dexterity (right hand)
 B - an uncursed ring of protection from magic
Wands
 p - a wand of polymorph (3)
Scrolls
 i - 2 scrolls of blinking
 j - 3 scrolls of identify
 k - 9 scrolls of remove curse
 l - a scroll of summoning
 z - 2 scrolls of fear
 A - a scroll of fog
Potions
 a - 2 potions of invisibility
 d - 8 potions of curing
 e - 14 potions of heal wounds
 f - a potion of haste
 g - 4 potions of magic
 h - 3 potions of berserk rage
 r - 3 potions of might
 t - 2 potions of brilliance
 w - a potion of agility
Comestibles
 c - 7 rations


   Skills:
 + Level 16.8 Fighting
 + Level 19.0 Axes
 + Level 6.0 Armour
 + Level 10.3 Dodging
 + Level 4.9 Stealth
 + Level 0.7 Unarmed Combat


You had 11 spell levels left.
You didn't know any spells.
Your spell library was empty.

Dungeon Overview and Level Annotations

Branches:
Dungeon (1/1)

Altars:
Cheibriados
Dithmenos
Elyvilon
Fedhas
Gozag
Hepliaklqana
Makhleb
Nemelex Xobeh
Okawaru
Qazlal
Ru
Sif Muna
Trog
Vehumet
Wu Jian
Xom
Yredelemnul
Zin
The Shining One
Beogh
Jiyva
Lugonu


Innate Abilities, Weirdness & Mutations

You are resistant to torment.
Your stone body is resilient. (AC +8)
You are immune to poison.
You resist negative energy. (rN+)
You are resistant to electric shocks. (rElec)
You can survive without breathing.
You are immune to petrification.
You are immune to rotting.


Message History

The deep elf blademaster shouts!
The fire giant shouts!
A fire giant comes into view.
It is wielding a great sword of flaming.
There is a large open door here.
The fire giant gestures at you while chanting.
The fireball explodes!
The fireball engulfs you!
Ouch! That really hurt!
A shadow dragon comes into view.
The fire giant points at you and mumbles some strange words.
The fireball explodes!
The fireball engulfs you!
* * * LOW HITPOINT WARNING * * *
There is a large open door here.
Wield which item (- for none, * to show all)? (? for menu, Esc to quit)
Your +2 war axe of freezing glows with a cold blue light!
u - a +2 war axe of freezing (weapon)
A red film seems to cover your vision as you go berserk!
You feel yourself moving faster!
You feel mighty!
You feel a lot more hungry.
The deep elf blademaster hits you with a short sword.
* * * LOW HITPOINT WARNING * * *
The deep elf blademaster hits you with a short sword!
You die...

.. ... .. .#..
#++#++#..#
.........##........#
..........##.....C..#
..#....#..##..#..#..#
..........##.....C..#
..........##..e..D..#
..#....#..##'@#++#.D#
..........''..#
..........''..#
##++####''#####
#''##############
#......).........
#................
#..##############
#..#


You could see a shadow dragon, a deep elf blademaster and 2 fire giants.

Vanquished Creatures
  An eidolon (D)
  A rakshasa (D)
  A deep troll (D)
  A sixfirhy (D)
  A shadow wraith (D)
  2 sea snakes (D)
  2 orc knights (D)
  A cyclops (D)
  Maurice (D)
  A black mamba (D)
  2 smoke demons (D)
  A komodo dragon (D)
  An ice devil (D)
  2 kobold demonologists (D)
  2 trolls (D)
  3 blink frogs (D)
  Grinder (D)
  4 dream sheep (D)
  A snapping turtle (D)
  A flying skull (D)
  Sigmund (D)
  A spriggan (D)
  5 yaks (D)
  2 wyverns (D)
  A fire bat (D)
  A wraith (D)
  A hungry ghost (D)
  A soldier ant (D)
  A swamp drake (D)
  2 floating eyes (D)
  An orc warrior (D)
  A black bear (D)
  Purgy (D)
  A phantom (D)
  An ogre (D)
  A wolf (D)
  2 crocodiles (D)
  A big kobold (D)
  2 small abominations (D)
  2 orc wizards (D)
  A gnoll shaman (D)
  An iron imp (D)
  A hell rat (D)
  A worker ant (D)
  An adder (D)
  A gnoll (D)
  2 white imps (D)
  A worm (D)
  4 orcs (D)
  A bat (D)
  2 hobgoblins (D)
  2 kobolds (D)
  2 ball pythons (D)
  A frilled lizard (D)
  2 goblins (D)
  A rat (D)
83 creatures vanquished.

Vanquished Creatures (collateral kills)
  A hydra (D)
  A deep elf mage (D)
  A smoke demon (D)
  A freezing wraith (D)
  A troll (D)
  2 blink frogs (D)
  4 yaks (D)
  2 orc warriors (D)
  3 wolves (D)
  4 gnolls (D)
  An ufetubus (D)
  3 orcs (D)
24 creatures vanquished.

Grand Total: 107 creatures vanquished

Notes
Turn   | Place    | Note
-------+----------+-------------------------------------------
     0 | D        | Fang the Gargoyle Berserker began the quest for the Orb.
     0 | D        | Reached XP level 1. HP: 14/14 MP: 1/1
    21 | D        | Found a bloodstained altar of Trog.
    21 | D        | Found a deep blue altar of Sif Muna.
    21 | D        | Found a viscous altar of Jiyva.
    21 | D        | Found a hazy altar of Hepliaklqana.
    21 | D        | Found an opulent altar of Gozag.
    22 | D        | Found a glowing golden altar of the Shining One.
    22 | D        | Found a glowing silver altar of Zin.
    22 | D        | Found a basalt altar of Yredelemnul.
    22 | D        | Found a shimmering altar of Xom.
    22 | D        | Found an ornate altar of the Wu Jian Council.
    22 | D        | Found a sacrificial altar of Ru.
    22 | D        | Found a stormy altar of Qazlal.
    22 | D        | Found an iron altar of Okawaru.
    22 | D        | Found a sparkling altar of Nemelex Xobeh.
    22 | D        | Found a burning altar of Makhleb.
    22 | D        | Found a blossoming altar of Fedhas.
    22 | D        | Found a white marble altar of Elyvilon.
    22 | D        | Found a shadowy altar of Dithmenos.
    22 | D        | Found a snail-covered altar of Cheibriados.
    24 | D        | Found a radiant altar of Vehumet.
    24 | D        | Found a corrupted altar of Lugonu.
    24 | D        | Found a roughly hewn altar of Beogh.
    63 | D        | Noticed a floating eye
    68 | D        | Paralysed by a floating eye for 2 turns
    70 | D        | Killed a floating eye
    70 | D        | Reached skill level 5 in Axes
    70 | D        | Reached XP level 2. HP: 23/23 MP: 2/2
    70 | D        | Reached XP level 3. HP: 28/28 MP: 3/3
    70 | D        | Reached XP level 4. HP: 32/32 MP: 4/4
    71 | D        | Reached ** piety under Trog
    84 | D        | Noticed a floating eye
    87 | D        | Paralysed by a floating eye for 3 turns
    90 | D        | Reached skill level 6 in Axes
    91 | D        | Reached *** piety under Trog
    91 | D        | Reached XP level 5. HP: 38/38 MP: 5/5
    93 | D        | Killed a floating eye
    93 | D        | Reached skill level 7 in Axes
   156 | D        | Noticed Grinder
   158 | D        | Noticed Sigmund
   166 | D        | Killed Grinder
   166 | D        | Reached skill level 9 in Axes
   166 | D        | Reached skill level 5 in Armour
   166 | D        | Reached XP level 6. HP: 48/48 MP: 6/6
   168 | D        | Reached **** piety under Trog
   191 | D        | Killed Sigmund
   191 | D        | Reached skill level 10 in Fighting
   191 | D        | Reached skill level 1 in Stealth
   191 | D        | Reached XP level 7. HP: 24/53 MP: 7/7
   366 | D        | Reached skill level 10 in Axes
   377 | D        | Reached ***** piety under Trog
   377 | D        | Reached skill level 5 in Dodging
   408 | D        | Received a gift from Trog
   415 | D        | Noticed a hungry ghost
   428 | D        | Killed a hungry ghost
   428 | D        | Reached XP level 8. HP: 50/60 MP: 2/8
   476 | D        | Noticed a dream sheep
   476 | D        | Noticed a dream sheep
   476 | D        | Noticed a dream sheep
   476 | D        | Noticed a dream sheep
   478 | D        | Killed a dream sheep
   478 | D        | Reached skill level 11 in Axes
   481 | D        | Killed a dream sheep
   482 | D        | Killed a dream sheep
   482 | D        | Reached skill level 12 in Axes
   486 | D        | Killed a dream sheep
   486 | D        | Reached XP level 9. HP: 66/66 MP: 3/9
   639 | D        | Noticed an orc knight
   639 | D        | Noticed a smoke demon
   647 | D        | Killed an orc knight
   648 | D        | Killed a smoke demon
   648 | D        | Reached skill level 13 in Axes
   653 | D        | Received a gift from Trog
   658 | D        | Reached ****** piety under Trog
   876 | D        | Noticed Maurice
   884 | D        | Received a gift from Trog
   894 | D        | Received a gift from Trog
   894 | D        | Reached skill level 14 in Axes
   904 | D        | Noticed a deep elf mage
   907 | D        | Killed a deep elf mage
   907 | D        | Reached XP level 10. HP: 57/73 MP: 3/10
   928 | D        | Killed Maurice
  1312 | D        | Reached skill level 15 in Axes
  1318 | D        | Noticed Purgy
  1320 | D        | Noticed a sixfirhy
  1325 | D        | Killed Purgy
  1325 | D        | Received a gift from Trog
  1327 | D        | Killed a sixfirhy
  1339 | D        | Received a gift from Trog
  1577 | D        | Noticed a smoke demon
  1584 | D        | Killed a smoke demon
  1584 | D        | Reached skill level 16 in Axes
  1736 | D        | Reached XP level 11. HP: 47/80 MP: 3/11
  1989 | D        | Received a gift from Trog
  1989 | D        | Reached skill level 15 in Fighting
  2147 | D        | Noticed an eight-headed hydra
  2153 | D        | Killed an eight-headed hydra
  2153 | D        | Reached skill level 17 in Axes
  2159 | D        | Noticed a deep troll
  2160 | D        | Received a gift from Trog
  2161 | D        | Noticed an orc knight
  2163 | D        | Killed a shadow wraith
  2167 | D        | Killed a deep troll
  2168 | D        | Killed an orc knight
  2168 | D        | Received a gift from Trog
  2508 | D        | Received a gift from Trog
  2508 | D        | Reached skill level 18 in Axes
  2572 | D        | Noticed a sea snake
  2575 | D        | Noticed a sea snake
  2583 | D        | Killed a sea snake
  2586 | D        | Killed a sea snake
  2932 | D        | Found the +9 sword of Zonguldrok {reap}
  2988 | D        | Upgraded the game from 0.23-a0-169-gb21e695 to
                  | 0.23-a0-171-g5ae17c6
  3043 | D        | Noticed a cyclops
  3052 | D        | Killed a cyclops
  3052 | D        | Reached skill level 10 in Dodging
  3208 | D        | Noticed an eidolon
  3213 | D        | Killed an eidolon
  3213 | D        | Reached XP level 12. HP: 90/90 MP: 12/12
  3215 | D        | Received a gift from Trog
  3290 | D        | Noticed a rakshasa
  3303 | D        | Killed a rakshasa
  3303 | D        | Reached skill level 19 in Axes
  3361 | D        | Noticed a deep elf blademaster
  3361 | D        | Noticed a fire giant
  3361 | D        | Noticed a fire giant
  3362 | D        | Noticed a shadow dragon
  3365 | D        | HP: 4/135 [deep elf blademaster/short sword (6)]
  3365 | D        | Mangled by a deep elf blademaster

Vault maps used:
D:        pitsprint

Skill      XL: |  1  2  3  4  5  6  7  8  9 10 11 12 |
---------------+-------------------------------------+-----
Fighting       | 6 7 9 10 11 12 13 14 16 | 16.8
Axes           | 5 6 9 10 12 14 16 18 19 | 19.0
Armour         | 3 5 6 |  6.0
Dodging        | 2 3 4 5 6 7 8 10 | 10.3
Stealth        | 1 2 4 |  4.9
Unarmed Combat | |  0.7

Action                   |  1- 3 |  4- 6 |  7- 9 | 10-12 || total
-------------------------+-------+-------+-------+-------++-------
Melee: Hand axe          |    10 |    27 |    16 |       ||    53
       Battleaxe         |       |       |    42 |    37 ||    79
       Unarmed           |       |       |     3 |     1 ||     4
       Executioner's axe |       |       |       |    42 ||    42
       Broad axe         |       |       |       |    42 ||    42
Invok: Berserk           |       |     1 |     3 |    12 ||    16
       Brothers in Arms  |       |       |     4 |     2 ||     6
  Use: Scroll            |       |       |       |     3 ||     3
 Stab: Distracted        |       |       |       |     1 ||     1
  Eat: Chunk             |       |       |     7 |    11 ||    18
       Ration            |       |       |       |     3 ||     3
Armor: Animal skin       |     1 |     7 |       |       ||     8
       Robe              |       |       |    13 |    23 ||    36
Dodge: Dodged            |     2 |    21 |    23 |   110 ||   156

Table legend:
 A = Non-vault XP
 B = Vault XP
 C = Vault XP percentage of total XP
 D = Non-vault monster count
 E = Vault monster count
 F = Vault count percentage of total count
                 A         B        C        D         E       F
            +---------+---------+-------+---------+---------+-------
      Total |       0 |   20519 | 100.0 |       0 |     107 | 100.0
            +---------+---------+-------+---------+---------+-------
          D |       0 |   20519 | 100.0 |       0 |     107 | 100.0
            +---------+---------+-------+---------+---------+-------
